 Dungeon Crawl Stone Soup version 0.19.0 (webtiles) character file.

174 Eucla the Chopper (level 5, 0/49 HPs)
             Began as a Deep Dwarf Gladiator on Nov 16, 2016.
             Succumbed to a kobold's poison
             ... in a sewer.
             The game lasted 00:01:28 (743 turns).

Eucla the Chopper (Deep Dwarf Gladiator)             Turns: 743, Time: 00:01:29

Health: 0/49       AC:  8    Str: 19    XL:     5   Next: 28%
Magic:  5/5        EV: 12    Int:  8    God:
Gold:   85         SH:  0    Dex: 14    Spells: 0 memorised, 4 levels left

rFire  . . .     SeeInvis .     a - +0 war axe
rCold  . . .     Gourm    .     i - +0 ring mail
rNeg   . . .     Faith    .     (no shield)
rPois  .         Spirit   .     c - +0 helmet
rElec  .         Reflect  .     (no cloak)
rCorr  .         Harm     .     (no gloves)
MR     .....                    h - +1 pair of boots
Stlth  +.........               (no amulet)
                                (no ring)
                                (no ring)

@: lethally poisoned (0 -> -2), non-regenerating
A: damage resistance, recharge devices, sense surroundings 1, slow regeneration
3
a: Device Recharging


You were in a sewer.
You were not hungry.

You visited 1 branch of the dungeon, and saw 3 of its levels.
You also visited: Sewer.

You collected 85 gold pieces.

Inventory:

Hand Weapons
 a - a +0 war axe (weapon)
Missiles
 d - 3 throwing nets (quivered)
Armour
 b - a +0 leather armour
 c - a +0 helmet (worn)
 h - a +1 pair of boots (worn)
 i - a +0 ring mail (worn)
Wands
 e - a wand of heal wounds (3/9)
Scrolls
 g - 2 scrolls of enchant armour {unknown}
Potions
 j - a potion of agility {unknown}
Comestibles
 f - a bread ration
 k - a slice of pizza
 l - a meat ration


   Skills:
 + Level 3.3 Fighting
 * Level 5.6 Axes
 - Level 1.7 Throwing
 - Level 3.2 Dodging


You had 4 spell levels left.
You didn't know any spells.

Dungeon Overview and Level Annotations

Branches:
Dungeon (3/15)

Altars:
The Shining One


Innate Abilities, Weirdness & Mutations

You are resistant to damage.
You can recharge devices by infusing magical energy.
You passively map a small area around you.
You do not regenerate.


Message History

The kobold splashes around in the water.
You are too injured to fight recklessly!
You are too injured to fight recklessly!
Your unstable footing causes you to fumble your attack.
* * * LOW HITPOINT WARNING * * *
You feel very sick.
The kobold splashes around in the water. x2
You are too injured to fight recklessly!
Your unstable footing causes you to fumble your attack.
* * * LOW HITPOINT WARNING * * *
You feel sick. The kobold completely misses you.
The kobold splashes around in the water.
You slash the kobold!
You kill the kobold!
You hear a splash. x3
You closely miss the kobold.
* * * LOW HITPOINT WARNING * * *
You feel very sick. The kobold closely misses you.
You die...

##.≈≈##
#.≈≈≈≈#
#(###≈#
* #(#
≈# *
##(##
≈#
#≈(≈#
≈≈ *
#K#≈#≈*
#≈#≈#≈
#@#K#
#.#.#,
##### *


You could see a kobold.

Vanquished Creatures
  Natasha (twice) (D:2)
  4 gnolls (D:2)
  4 river rats (D:3)
  An ooze (D:3)
  2 worms (D:2)
  A dart slug (D:2)
  A leopard gecko (D:1)
  2 orcs (D:3)
  2 ball pythons (D:3)
  3 giant cockroaches
  4 goblins
  2 hobgoblins
  6 kobolds
  A quokka (D:2)
  3 bats
  A frilled lizard (D:2)
  4 rats
43 creatures vanquished.

Notes
Turn   | Place    | Note
-------+----------+-------------------------------------------
     0 | D:1      | Eucla the Deep Dwarf Gladiator began the quest for the Orb.
     0 | D:1      | Reached XP level 1. HP: 19/19 MP: 1/1
    80 | D:2      | Reached XP level 2. HP: 12/26 MP: 2/2
   162 | D:2      | Reached skill level 4 in Axes
   251 | D:2      | Found a glowing golden altar of the Shining One.
   309 | D:2      | Reached XP level 3. HP: 22/33 MP: 3/3
   385 | D:2      | Noticed Natasha
   391 | D:2      | Killed Natasha
   391 | D:2      | Reached XP level 4. HP: 35/40 MP: 4/4
   415 | D:2      | Noticed Natasha
   423 | D:2      | Killed Natasha
   423 | D:2      | Reached skill level 5 in Axes
   680 | D:3      | Reached XP level 5. HP: 28/49 MP: 5/5
   708 | D:3      | Found a glowing drain.
   717 | Sewer    | Entered a sewer
   742 | Sewer    | HP: 2/49 [poisoned by a kobold]
   743 | Sewer    | Succumbed to a kobold's poison

Skill      XL: |  1  2  3  4 |
---------------+-------------+-----
Fighting       | 2 3 |  3.3
Axes           | 4 5 |  5.6
Throwing       | |  1.7
Dodging        | |  3.2

Action                   |  1- 3 |  4- 6 || total
-------------------------+-------+-------++-------
Melee: War axe           |    60 |    55 ||   115
Evoke: Wand              |     2 |       ||     2
 Stab: Sleeping          |     1 |       ||     1
Armor: Leather armour    |    13 |       ||    13
       Ring mail         |       |    19 ||    19
Dodge: Dodged            |    52 |    46 ||    98
